 Dungeon Crawl Stone Soup version 0.29-a0-359-g541a27f54d (webtiles) character file.

Game seed: 8820898813999332713

756 spaghetti the Shield-Bearer (level 7, 0/61 HPs)
             Began as a Deep Dwarf Fighter on Apr 27, 2022.
             Was a Follower of Makhleb.
             Slain by a gnoll
             ... wielding a +0 halberd
              (6 damage)
             ... on level 4 of the Dungeon.
             The game lasted 00:06:43 (2790 turns).

spaghetti the Shield-Bearer (Deep Dwarf Fighter)    Turns: 2790, Time: 00:06:44

Health: 0/61       AC: 16    Str: 21    XL:     7   Next: 50%
Magic:  7/7        EV:  7    Int:  9    God:    Makhleb [*.....]
Gold:   122        SH:  5    Dex: 12    Spells: 6/6 levels left

rFire   . . .      SeeInvis .   o - +0 dagger (venom) {short}
rCold   . . .      Faith    .   c - +0 buckler
rNeg    . . .      Spirit   .   n - +0 plate armour
rPois   .          Reflect  .   g - +0 helmet
rElec   .          Harm     .   (no cloak)
rCorr   .          Rampage  .   (no gloves)
Will    +....                   i - +1 pair of boots
Stlth   ..........              r - amulet of magic regeneration {@e2}
HPRegen 0.00/turn               (no ring)
MPRegen 0.50/turn               (no ring)

@: no status effects
A: damage resistance, heal wounds, sense surroundings 1, no regeneration
a: Heal Wounds, Renounce Religion


You were on level 4 of the Dungeon.
You worshipped Makhleb.
Makhleb was aware of your devotion.
You visited 1 branch of the dungeon, and saw 5 of its levels.

You collected 122 gold pieces.


Innate Abilities, Weirdness & Mutations

You are resistant to damage.
You can heal yourself by infusing magical energy.
You passively map a small area around you.
You do not regenerate.


   Skills:
 - Level 2.6 Fighting
 - Level 2.1 Axes
 + Level 5.9 Armour
 + Level 4.7 Dodging
 + Level 5.9 Shields
 + Level 2.8 Necromancy


You had 6 spell levels left.
You didn't know any spells.
Your spell library contained the following spells:

 Spells                   Type           Power      Damage    Failure   Level
 Sandblast                Erth           0%         2d4       100%        1
 Passwall                 Tmut/Erth      0%         N/A       100%        2
 Stone Arrow              Conj/Erth      0%         3d7       100%        3
 Animate Dead             Necr           2%         N/A       100%        4
 Haunt                    Necr/Summ      1%         N/A       100%        7
 Infestation              Necr           2%         N/A       100%        8

Inventory:

Hand Weapons
 a - a +0 war axe {axe}
 e - a +0 short sword {short}
   (You took it off a kobold on level 1 of the Dungeon)
 o - a +0 dagger of venom (weapon) {short}
   (You took it off a goblin on level 2 of the Dungeon)
Missiles
 f - 53 stones (quivered) {throwing}
 l - 7 boomerangs {throwing}
Armour
 c - a +0 buckler (worn)
 g - a +0 helmet (worn)
   (You found it on level 1 of the Dungeon)
 i - a +1 pair of boots (worn)
   (You found it on level 3 of the Dungeon)
 n - a +0 plate armour (worn)
   (You found it on level 2 of the Dungeon)
Jewellery
 r - an amulet of magic regeneration (around neck) {@e2}
   (You found it on level 3 of the Dungeon)
Scrolls
 h - a scroll of amnesia
 k - a scroll of holy word
 p - a scroll of vulnerability {!r!r}
 t - a scroll of immolation {unknown}
Potions
 d - 2 potions of might
 m - a potion of curing {@q1}
 q - a potion of cancellation {unknown}
 s - a potion of lignification {unknown}

Dungeon Overview and Level Annotations

Branches:
Dungeon (5/15)
 Temple: D:4-7

Altars:
Fedhas
Gozag
Makhleb
Nemelex Xobeh

, *
................#....
................#.... ,
**
*##.####.##########'##
****
,##.####[##....###..##
#.....[))......#..... *
,#..............#.....
#..............#.....
#..............#..... ,
####@####...####...## *
#..g# #...####...## ,
,.....g. #..........## ,
.......... #..........##
...........#...........#
,
...........#...........#
*
..##....#..#..######'###
..*#....#########.....##
* , , * #.....)..#


You could see 2 gnolls.


Message History

You kill the jackal!
Makhleb accepts your kill. The gnoll hits you but does no damage.
You hit the jackal.
The jackal is poisoned.
The jackal barely misses you. You block the gnoll's attack.
The jackal barely misses you.
You hit the jackal but do no damage.
The jackal looks as sick as possible!
You block the jackal's attack. The gnoll hits you but does no damage.
You hit the jackal.
The jackal looks as sick as possible!
You kill the jackal!
Makhleb accepts your kill. The gnoll completely misses you.
You hit the hobgoblin.
The hobgoblin is poisoned.
The gnoll hits you from afar with a +0 spear.
* * * LOW HITPOINT WARNING * * *
The hobgoblin barely misses you. 😱 HP[-1]
You take 1 damage, and now have 13/61 hp.
You closely miss the hobgoblin.
You kill the hobgoblin!
Makhleb accepts your kill. You block the gnoll's attack.
You closely miss the gnoll. The gnoll closely misses you.
The gnoll hits you from afar with a +0 spear.
* * * LOW HITPOINT WARNING * * *
😱 HP[-1]
You take 1 damage, and now have 12/61 hp.
You hit the gnoll.
You kill the gnoll!
Makhleb accepts your kill. You block the gnoll's attack.
You block the jackal's attack.
You closely miss the jackal. The gnoll hits you but does no damage.
You hit the jackal.
The jackal is poisoned.
The jackal barely misses you. x2
The gnoll hits you but does no damage. You block the jackal's attack.
You closely miss the jackal.
The jackal bites you but does no damage. x2
The gnoll barely misses you. The jackal barely misses you.
You closely miss the jackal.
The jackal bites you but does no damage.
The gnoll hits you but does no damage. You block the jackal's attack.
The jackal bites you but does no damage.
You hit the jackal but do no damage.
The jackal is poisoned.
You block the jackal's attack. The gnoll hits you but does no damage.
The jackal bites you but does no damage. x2
You hit the jackal.
The jackal looks as sick as possible!
You kill the jackal!
Makhleb accepts your kill.
You feel better. The jackal barely misses you.
The gnoll hits you but does no damage.
The jackal bites you but does no damage. x2 😱 HP[+1]
You closely miss the jackal. The jackal closely misses you.
The gnoll hits you but does no damage. You block the jackal's attack.
You closely miss the jackal.
The jackal bites you but does no damage. x2
The gnoll hits you but does no damage.
The jackal bites you but does no damage.
You hit the jackal.
You kill the jackal!
Makhleb accepts your kill. The jackal misses you. The gnoll barely misses you.
You hit the jackal but do no damage.
The jackal is poisoned.
The jackal bites you but does no damage.
The gnoll hits you but does no damage.
The jackal bites you but does no damage.
You barely miss the jackal. You block the gnoll's attack.
You closely miss the jackal.
You kill the jackal!
Makhleb accepts your kill.
The jackal bites you but does no damage.
The gnoll barely misses you.
You hit the jackal but do no damage.
The jackal is poisoned.
The jackal bites you but does no damage.
The gnoll hits you but does no damage.
The jackal bites you but does no damage.
You hit the jackal but do no damage.
The jackal looks as sick as possible!
The gnoll hits you but does no damage.
The jackal bites you but does no damage.
You hit the jackal but do no damage.
The jackal looks as sick as possible!
You kill the jackal!
Makhleb accepts your kill.
The gnoll hits you from afar with a +0 spear.
* * * LOW HITPOINT WARNING * * *
😱 HP[-2]
You take 2 damage, and now have 11/61 hp.
The gnoll hits you but does no damage. You block the gnoll's attack.
There is an open door here.
Items here: ) ††††.
You hit the gnoll. The gnoll closely misses you. You block the gnoll's attack.
You hit the gnoll. The gnoll closely misses you.
The gnoll hits you but does no damage.
You barely miss the gnoll. The gnoll closely misses you.
You block the gnoll's attack.
You hit the gnoll.
The gnoll is poisoned.
The gnoll hits you with a +0 spear!
* * * LOW HITPOINT WARNING * * *
The gnoll hits you but does no damage. x2; You block the gnoll's attack. 😱 HP[-5]
You take 5 damage, and now have 6/61 hp.
You barely miss the gnoll.
The gnoll hits you from afar with a +0 halberd!
You die...

Skill      XL: |  1  2  3  4  5  6 |
---------------+-------------------+-----
Dodging        | 1 3 4 |  4.7
Armour         | 4 5 |  5.9
Shields        | 4 5 |  5.9
Necromancy     | 2 |  2.8
Fighting       | |  2.6
Axes           | |  2.1

Action                   |  1- 3 |  4- 6 |  7- 9 || total
-------------------------+-------+-------+-------++-------
Melee: War axe           |    57 |    23 |    15 ||    95
       Dagger            |       |   126 |    67 ||   193
       Unarmed           |       |       |    10 ||    10
Throw: Stone             |     2 |       |     5 ||     7
  Use: Scroll            |       |     4 |       ||     4
       Potion            |       |     6 |     2 ||     8
Armor: Scale mail        |    13 |       |       ||    13
       Chain mail        |    20 |    44 |       ||    64
       Plate armour      |       |    65 |    69 ||   134
Dodge: Dodged            |    22 |    68 |    33 ||   123
Block: Buckler           |    11 |    40 |    29 ||    80

Levels and vault maps discovered:
D:1:      mrwooster_arrival_arrow, layout_rooms, serial_forest,
          infiniplex_forest_end_3, infiniplex_forest_clump_double,
          infiniplex_forest_straight_2, infiniplex_forest_straight_4,
          infiniplex_forest_clump_long, infiniplex_forest_lined_corner,
          infiniplex_forest_corner_1
D:2:      layout_basic, minmay_hexomino_r4, uniq_sigmund
D:3:      layout_basic, grunt_temple_overflow_opulence,
          mainiacjoe_overflow_small_starburst, nicolae_overflow_hidden_temple,
          uniq_jessica
D:4:      layout_gridville
D:5:      layout_gridville, amcnicky_mini_corridor_feature

Notes
Turn   | Place    | Note
-------+----------+-------------------------------------------
     0 | D:1      | spaghetti the Deep Dwarf Fighter began the quest for the
                  | Orb.
     0 | D:1      | Reached XP level 1. HP: 20/20 MP: 1/1
     0 | D:1      | magus.rc [v1.9.6]
   204 | D:1      | Reached XP level 2. HP: 24/27 MP: 2/2
   255 | D:1      | Reached skill level 1 in Dodging
   643 | D:2      | Reached XP level 3. HP: 29/33 MP: 3/3
   656 | D:2      | Noticed Sigmund
   670 | D:2      | Killed Sigmund
   671 | D:2      | Reached skill level 4 in Armour
   671 | D:2      | Reached skill level 3 in Dodging
   671 | D:2      | Reached skill level 4 in Shields
   671 | D:2      | Reached XP level 4. HP: 19/40 MP: 4/4
   671 | D:2      | Reached XP level 5. HP: 21/46 MP: 5/5
   767 | D:2      | Found a burning altar of Makhleb.
   777 | D:2      | Reached skill level 5 in Armour
   777 | D:2      | Reached skill level 5 in Shields
   779 | D:2      | Became a worshipper of Makhleb the Destroyer
  1330 | D:2      | Reached XP level 6. HP: 45/55 MP: 6/6
  1405 | D:2      | You pick up a book of Geomancy and begin reading...
  1405 | D:2      | You add the spells Sandblast, Passwall and Stone Arrow to
                  | your library.
  1427 | D:2      | You pick up a book of Death and begin reading...
  1427 | D:2      | You add the spells Animate Dead, Haunt and Infestation to
                  | your library.
  1767 | D:3      | HP: 5/55 [ogre/+0 giant club (19)]
  1769 | D:3      | Reached skill level 4 in Dodging
  1769 | D:3      | Reached skill level 1 in Necromancy
  1798 | D:3      | Reached * piety under Makhleb
  1848 | D:3      | Noticed Jessica
  1859 | D:3      | Killed Jessica
  2029 | D:3      | Found an opulent altar of Gozag.
  2029 | D:3      | Found a sparkling altar of Nemelex Xobeh.
  2134 | D:3      | Found a burning altar of Makhleb.
  2148 | D:3      | Found a blossoming altar of Fedhas.
  2432 | D:4      | Reached skill level 2 in Necromancy
  2432 | D:4      | Reached XP level 7. HP: 42/61 MP: 7/7
  2517 | D:4      | HP: 15/61 [scorpion (1)]
  2698 | D:4      | HP: 14/61 [kobold/+0 whip (3)]
  2709 | D:5      | Entered Level 5 of the Dungeon
  2721 | D:5      | HP: 12/61 [gnoll/+0 whip (2)]
  2730 | D:4      | HP: 10/61 [gnoll/+0 whip (2)]
  2755 | D:4      | HP: 8/61 [frozen (2)]
  2758 | D:4      | HP: 3/61 [frozen (2)]
  2766 | D:4      | HP: 13/61 [gnoll/+0 spear (1)]
  2784 | D:4      | HP: 11/61 [gnoll/+0 spear (2)]
  2789 | D:4      | HP: 6/61 [gnoll/+0 spear (5)]
  2790 | D:4      | Slain by a gnoll

Vanquished Creatures
  Sigmund (D:2)
  An ogre (D:3)
  A phantom (D:4)
  A scorpion (D:4)
  A jelly (D:4)
  An orc priest (D:4)
  Jessica (D:3)
  2 orc wizards (D:4)
  11 gnolls
  7 adders
  3 orcs (D:4)
  4 endoplasms
  2 giant cockroaches (D:2)
  4 goblins
  6 hobgoblins
  6 jackals (D:4)
  6 kobolds
  A quokka (D:3)
  7 ball pythons
  6 bats
  2 frilled lizards
  4 rats
78 creatures vanquished.

Vanquished Creatures (others)
  2 plants (D:1)
2 creatures vanquished.

Grand Total: 80 creatures vanquished

Table legend:
 A = Non-vault XP
 B = Vault XP
 C = Vault XP percentage of total XP
 D = Non-vault monster count
 E = Vault monster count
 F = Vault count percentage of total count
                 A         B        C        D         E       F
            +---------+---------+-------+---------+---------+-------
      Total |     793 |     287 |  26.6 |      72 |       6 |   7.7
            +---------+---------+-------+---------+---------+-------
        D:1 |      16 |       0 |   0.0 |      11 |       0 |   0.0
        D:2 |     150 |     250 |  62.5 |      26 |       5 |  16.1
        D:3 |     214 |      37 |  14.7 |      11 |       1 |   8.3
        D:4 |     413 |       0 |   0.0 |      24 |       0 |   0.0
            +---------+---------+-------+---------+---------+-------

Illustrated notes

Table legend:
 A = Kills in this place as a percentage of kills in entire the game.
 B = Kills by you in this place as a percentage of kills by you in the entire game.
 C = Kills by friends in this place as a percentage of kills by friends in the entire game.
 D = Other kills in this place as a percentage of other kills in the entire game.
 E = Experience gained in this place as a percentage of experience gained in the entire game.
 F = Experience gained in this place divided by the number of levels of this place that you have seen.
                   A       B       C       D       E      F
               +-------+-------+-------+-------+-------+----------------------
         Total | 100.0 | 100.0 |   N/A |   N/A | 100.0 | 216.0
       Dungeon | 100.0 | 100.0 |   N/A |   N/A | 100.0 | 216.0
               +-------+-------+-------+-------+-------+----------------------

Table legend: (Time is in decaauts)
 A = Elapsed time spent in this place.
 B = Non-inter-level travel time spent in this place.
 C = Inter-level travel time spent in this place.
 D = Time resting spent in this place.
 E = Time spent auto-exploring this place.
 F = Levels seen in this place.
 G = Mean time per level.
                   A        B        C        D        E       F      G
               +--------+--------+--------+--------+--------+-----+--------+
         Total |   2840 |   2678 |    162 |    103 |   1850 |   5 |  568.0 |
       Dungeon |   2840 |   2678 |    162 |    103 |   1850 |   5 |  568.0 |
               +--------+--------+--------+--------+--------+-----+--------+

Top non-repeatable levels by time:
     D:2: 1110 daAuts
     D:3: 664 daAuts
     D:1: 606 daAuts
     D:4: 445 daAuts
     D:5: 13 daAuts
